 Dungeon Crawl Stone Soup version 0.21.0-24-g2553a33 (console) character file.

326414 vegansnacktivist the Severer (level 20, -7/194 HPs)
             Began as a Deep Dwarf Fighter on Jan 20, 2018.
             Was the Champion of Makhleb.
             Killed from afar by a deep elf annihilator (49 damage)
             ... with a crystal spear
             ... on level 3 of the Elven Halls on Jan 21, 2018.
             The game lasted 01:55:06 (32722 turns).

vegansnacktivist the Severer (Deep Dwarf Fighter)  Turns: 32722, Time: 01:55:24

Health: -7/194     AC: 27    Str: 28    XL:     20   Next: 76%
Magic:  6/6        EV: 17    Int: 17    God:    Makhleb [******]
Gold:   292        SH:  8    Dex:  7    Spells: 19/19 levels left

rFire    . . .     SeeInvis +   O - +2 battleaxe (vamp)
rCold    . . .     Gourm    .   (shield currently unavailable)
rNeg     + . .     Faith    .   P - +5 ring mail of Exclusion {Int+3}
rPois    +         Spirit   .   b - +1 hat of Chimes {Int+4 Dex-5 Slay+3 SInv}
rElec    .         Reflect  +   i - +0 cloak {rPois}
rCorr    +         Harm     .   V - +1 pair of gloves
MR       +++..                  y - +0 pair of boots
Stlth    ..........             Z - brooch of Shielding {Reflect SH+8}
HPRegen  0.00/turn              q - ring of resist corrosion
MPRegen  0.10/turn              v - +6 ring of protection

@: very slightly contaminated, non-regenerating
A: damage resistance, heal wounds, negative energy resistance 1, sense
surroundings 3, no regeneration
}: 2/15 runes: serpentine, barnacled
a: Heal Wounds, Minor Destruction, Lesser Servant of Makhleb, Major Destruction,
Greater Servant of Makhleb, Renounce Religion


You were on level 3 of the Elven Halls.
You worshipped Makhleb.
Makhleb was exalted by your worship.
You were hungry.

You visited 7 branches of the dungeon, and saw 35 of its levels.
You visited 2 bazaars.
You also visited: Bailey and Ice Cave.

You collected 3899 gold pieces.
You spent 3607 gold pieces at shops.

Inventory:

Hand Weapons
 e - a +2 battleaxe of electrocution
 O - a +2 vampiric battleaxe (weapon)
Missiles
 a - 16 javelins of returning (quivered)
 u - 60 javelins
Armour
 b - the +1 hat of Chimes (worn) {Int+4 Dex-5 Slay+3 SInv}
   (You found it on level 1 of the Lair of Beasts)

   It affects your intelligence (+4).
   It affects your dexterity (-5).
   It affects your accuracy and damage with ranged weapons and melee attacks
   (+3).
   It lets you see invisible.
 i - a +0 cloak of poison resistance (worn)
 y - a +0 pair of boots (worn)
 P - the +5 ring mail of Exclusion (worn) {Int+3}
   (You found it on level 10 of the Dungeon)

   It affects your intelligence (+3).
 V - a +1 pair of gloves (worn)
Jewellery
 q - a ring of resist corrosion (left hand)
 v - a +6 ring of protection (right hand)
 B - an uncursed ring of magical power
 R - the amulet "Iciavatz" {+Rage rN+}
   (You found it on level 6 of the Lair of Beasts)

   [amulet of rage]

   It protects you from negative energy.
   It lets you go berserk.
 Z - the brooch of Shielding (around neck) {Reflect SH+8}
   (You bought it in a shop on level 2 of the Orcish Mines)

   [amulet of reflection]

   It shields you and reflects attacks.
   It affects your SH (+8).
Wands
 l - a wand of clouds (5)
 o - a wand of flame (100)
 s - a wand of iceblast (26)
 t - a wand of polymorph (11)
 F - a wand of disintegration (23)
 L - a wand of scattershot (5)
 U - a wand of paralysis (35)
 X - a wand of digging (15)
Scrolls
 c - 6 scrolls of identify
 g - 3 scrolls of fear
 h - 20 scrolls of remove curse
 r - a scroll of acquirement
 w - 5 scrolls of fog
 x - 25 scrolls of teleportation
 A - 8 scrolls of blinking
 C - 2 scrolls of immolation
 G - a scroll of holy word
 K - 5 scrolls of magic mapping
 M - a scroll of summoning
Potions
 d - 5 potions of might
 k - 7 potions of heal wounds
 m - 23 potions of curing
 n - 9 potions of agility
 p - 3 potions of cancellation
 z - a potion of brilliance
 D - 4 potions of mutation
 I - 3 potions of berserk rage
 J - 5 potions of flight
 Q - 3 potions of haste
 S - 2 potions of invisibility
Books
 N - Weqomu's Incunabulum of Arcane Weapons
   (You found it on level 1 of the Elven Halls)

   Spells                             Type                      Level
   a - Force Lance                    Conjuration/Translocation    4
   b - Conjure Ball Lightning         Conjuration/Air              6
   c - Bolt of Cold                   Conjuration/Ice              6
 T - a book of Debilitation

   Spells                             Type                      Level
   a - Corona                         Hexes                        1
   b - Slow                           Hexes                        2
   c - Inner Flame                    Hexes/Fire                   3
   d - Portal Projectile              Hexes/Translocation          3
   e - Cause Fear                     Hexes                        4
   f - Leda's Liquefaction            Hexes/Earth                  4
Miscellaneous
 j - a box of beasts
 E - a lightning rod (4/4)
 H - a phantom mirror
 W - a lamp of fire
Comestibles
 f - 74 rations


   Skills:
 - Level 15.3 Fighting
 + Level 20.7 Axes
 - Level 18.2 Armour
 - Level 16.0 Dodging
   Level 3.2 Shields
 - Level 13.1 Invocations
 - Level 13.4 Evocations


You had 19 spell levels left.
You didn't know any spells.

Dungeon Overview and Level Annotations

Branches:
Dungeon (15/15)            Temple (1/1) D:7            Lair (6/6) D:9
 Shoals (4/4) Lair:4        Snake (4/4) Lair:2        Slime (0/5) Lair:5
    Orc (2/2) D:11            Elf (3/3) Orc:2        Vaults (0/5) D:14
 Depths (0/5) D:15

Altars:
Ashenzari
Cheibriados
Dithmenos
Elyvilon
Fedhas
Gozag
Hepliaklqana
Kikubaaqudgha
Makhleb
Nemelex Xobeh
Okawaru
Qazlal
Ru
Sif Muna
Trog
Uskayaw
Vehumet
Wu Jian
Xom
Yredelemnul
Zin
The Shining One
Beogh
Lugonu

Shops:
D:12 =   Orc:2 ==**%   Elf:2 :   Shoals:2 *   Snake:2 :**?

Annotations:
Elf:2 Louise


Innate Abilities, Weirdness & Mutations

You are resistant to damage.
You can heal yourself by infusing magical energy.
You resist negative energy. (rN+)
You passively map a large area around you.
You do not regenerate.


Message History

The deep elf blademaster hits you with a short sword.
* * * LOW HITPOINT WARNING * * *
You feel much better.
The deep elf blademaster hits you but does no damage.
You block the deep elf blademaster's attack.
The deep elf high priest prays to its god.
The deep elf high priest begins emitting a brilliant aura!
The deep elf annihilator is empowered by the deep elf high priest's aura!
The deep elf annihilator points at you and mumbles some strange words.
The iron shot hits you!
* * * LOW HITPOINT WARNING * * *
The deep elf blademaster closely misses you.
The deep elf blademaster hits you but does no damage.
You feel much better.
The deep elf blademaster hits you but does no damage. x2
The deep elf high priest hits you with a glaive of protection!
* * * LOW HITPOINT WARNING * * *
The deep elf annihilator points at you and mumbles some strange words.
The crystal spear hits you!
You die...

###############
##.............####
.....).....#.#....###
....)))......#.#....##
.#...#####.....##....#
##...#...####..(#....##
#....#......###e@.....#
#....#.........e.e##..#
..).##.........)(((##.#
....#,........|()#(.#..#
....#,...####..))#..##.#
...## , * ##.(.##..#.#
...# , #....#..#.# ..##
#....#....# ### ,
#..(.##...#


You could see a deep elf blademaster, a deep elf annihilator and a deep elf high
priest.

Vanquished Creatures
  Asterion (Elf:2)
  The ghost of Hubbles the Stickfighter, an adept FoCj of Ru (Snake:4)
  A deep elf master archer (Elf:3)
  6 krakens
  A sphinx (D:14)
  10 nagarajas
  2 large abominations (Elf:3)
  A frost giant (IceCv)
  8 deep elf sorcerers
  An orc warlord (Bailey)
  6 deep elf elementalists (Elf:3)
  Aizul (Snake:3)
  4 deep elf annihilators (Elf:3)
  A deep elf demonologist (Elf:3)
  Snorg (D:12)
  A fire dragon (D:14)
  2 merfolk javelineers
  7 merfolk impalers
  A yaktaur captain (D:14)
  2 deep elf high priests (Elf:3)
  17 naga warriors
  4 vault guards (D:14)
  9 hydras
  13 anacondas
  An ogre mage (D:15)
  2 alligator snapping turtles
  4 centaur warriors
  2 merfolk avatars
  22 dancing weapons
  3 catoblepae (Lair:6)
  6 merfolk aquamancers
  17 two-headed ogres
  A tengu warrior (D:14)
  4 death yaks (Lair:6)
  3 orc high priests (Orc:2)
  8 shock serpents
  11 naga sharpshooters
  12 deep elf knights
  4 salamander mystics
  3 unseen horrors
  22 sea snakes
  4 naga ritualists
  5 deep elf archers
  6 orc knights
  13 harpies
  46 deep elf magi
  4 mana vipers
  4 oklob plants
  A wolf spider zombie (D:14)
  6 cyclopes
  6 merfolk sirens
  8 ugly things
  13 manticores
  15 fauns
  9 orc sorcerers
  4 elephants (Lair:6)
  23 naga magi
  14 salamanders
  3 centaur zombies
  8 water nymphs
  26 black mambas
  14 guardian serpents
  2 ice statues
  3 gargoyles
  A komodo dragon (Lair:1)
  8 spiny frogs
  An efreet (D:15)
  2 freezing wraiths (D:14)
  7 ice devils (D:10)
  A queen bee (D:14)
  8 trolls
  37 merfolk
  3 meliai (D:14)
  3 wind drakes
  2 harpy zombies (Shoals:2)
  14 polar bears (IceCv)
  15 blink frogs
  Grinder (D:4)
  Prince Ribbit (D:5)
  2 hornets
  12 snapping turtles
  15 dream sheep
  6 slime creatures (D:15)
  7 hippogriffs
  A meliai zombie (D:11)
  6 air elementals
  A spriggan (shapeshifter) (D:14)
  Sigmund (D:2)
  3 shadows
  8 water elementals
  65 yaks
  A spriggan (D:8)
  3 fire elementals
  5 wyverns
  3 wraiths
  2 basilisks
  2 hungry ghosts (D:9)
  3 vampires
  A steam dragon (D:12)
  71 nagas
  3 vampire mosquitoes
  A soldier ant (D:11)
  7 wargs
  Edmund (D:5)
  An acid dragon (D:11)
  10 water moccasins
  9 porcupines
  An ice beast (D:6)
  A sky beast (D:9)
  5 black bears
  24 orc warriors
  2 eyes of draining
  2 necrophages
  2 phantoms
  3 boggarts (D:14)
  32 wolves
  15 ogres
  14 centaurs
  9 crocodiles
  Blork the orc (D:5)
  4 hippogriff zombies (Shoals:2)
  15 bullfrogs
  4 big kobolds
  2 scorpions
  31 killer bees (D:14)
  8 wights
  4 spriggan skeletons (D:9)
  A howler monkey (D:8)
  7 crimson imps
  3 hounds
  2 quasits
  Crazy Yiuf (D:5)
  A bullfrog skeleton (D:8)
  A gnoll shaman (D:6)
  24 orc wizards
  9 jellies
  15 orc priests
  5 centaur skeletons
  3 iguanas
  Natasha (D:4)
  6 hell rats (Lair:1)
  12 worker ants
  A hound zombie (D:8)
  2 hound skeletons
  Robin (D:2)
  3 worker ant zombies
  20 gnolls
  10 river rats (Lair:1)
  10 adders
  3 shadow imps
  5 ufetubi (D:10)
  An ooze (D:4)
  4 adder skeletons
  3 worms
  4 dart slugs
  7 leopard geckos
  77 orcs
  2 ball pythons
  8 giant cockroaches
  24 goblins
  18 hobgoblins
  19 jackals
  34 kobolds
  11 quokkas
  9 bats
  4 frilled lizards
  A leopard gecko zombie (D:7)
  18 rats
  5 fungi
  7 plants
  15 tentacles
1413 creatures vanquished.

Vanquished Creatures (collateral kills)
  A thorn hunter (Lair:1)
  Ilsuiw (Shoals:4)
  A deep elf knight (Elf:2)
  4 deep elf magi (Elf:2)
  2 oklob plants (Lair:1)
  3 merfolk sirens (Shoals:4)
12 creatures vanquished.

Vanquished Creatures (others)
  A deep elf master archer (Elf:3)
  2 merfolk javelineers (Shoals:4)
  2 satyrs
  A naga sharpshooter (Snake:4)
  A deep elf knight (Elf:2)
  A sea snake (Snake:4)
  3 deep elf magi
  A naga (Snake:2)
  3 centaurs
  5 kobolds (Bailey)
  8 fungi (D:9)
  13 plants
  41 tentacles
82 creatures vanquished.

Grand Total: 1507 creatures vanquished

Notes
Turn   | Place    | Note
-------+----------+-------------------------------------------
     0 | D:1      | vegansnacktivist the Deep Dwarf Fighter began the quest for the Orb.
     0 | D:1      | Reached XP level 1. HP: 20/20 MP: 1/1
   163 | D:1      | Reached skill level 3 in Axes
   176 | D:1      | Reached XP level 2. HP: 25/27 MP: 2/2
   493 | D:1      | Reached XP level 3. HP: 21/33 MP: 3/3
   496 | D:1      | Reached skill level 4 in Axes
   946 | D:2      | Noticed Robin
   972 | D:2      | Killed Robin
   972 | D:2      | Reached XP level 4. HP: 27/40 MP: 4/4
  1068 | D:2      | Reached skill level 5 in Axes
  1088 | D:2      | Found a hide-covered altar of Uskayaw.
  1135 | D:2      | Found a deep blue altar of Sif Muna.
  1256 | D:2      | Noticed Sigmund
  1486 | D:2      | Killed Sigmund
  1486 | D:2      | Reached skill level 7 in Axes
  1486 | D:2      | Reached XP level 5. HP: 19/46 MP: 5/5
  1525 | D:3      | Reached XP level 6. HP: 23/55 MP: 6/6
  2489 | D:4      | Reached skill level 8 in Axes
  2563 | D:4      | Found a shimmering altar of Xom.
  2572 | D:4      | Noticed Natasha
  2584 | D:4      | Killed Natasha
  2596 | D:4      | Found a shattered altar of Ashenzari.
  2602 | D:4      | Reached XP level 7. HP: 50/61 MP: 6/6
  2743 | D:4      | Found a radiant altar of Vehumet.
  2744 | D:4      | Found a burning altar of Makhleb.
  2773 | D:4      | Became a worshipper of Makhleb the Destroyer
  2805 | D:4      | Noticed Grinder
  2813 | D:4      | Paralysed by Grinder for 3 turns
  2818 | D:4      | Killed Grinder
  2818 | D:4      | Reached skill level 9 in Axes
  2832 | D:4      | Found a snail-covered altar of Cheibriados.
  2944 | D:4      | Found an iron altar of Okawaru.
  2944 | D:4      | Found a blossoming altar of Fedhas.
  3089 | D:5      | Entered Level 5 of the Dungeon
  3118 | D:5      | Found a runed door.
  3171 | D:5      | Noticed Edmund
  3191 | D:5      | Killed Edmund
  3191 | D:5      | Reached skill level 10 in Axes
  3232 | D:5      | Reached XP level 8. HP: 43/68 MP: 6/6
  3303 | D:5      | Noticed Blork the orc
  3322 | D:5      | Killed Blork the orc
  3341 | D:5      | Reached skill level 11 in Axes
  3431 | D:5      | Noticed Prince Ribbit
  3447 | D:5      | Reached * piety under Makhleb
  3543 | D:5      | Found a shadowy altar of Dithmenos.
  3639 | D:5      | Killed Prince Ribbit
  3639 | D:5      | Reached skill level 12 in Axes
  3693 | D:5      | Noticed Crazy Yiuf
  3698 | D:5      | Killed Crazy Yiuf
  3859 | D:6      | Found an ancient bone altar of Kikubaaqudgha.
  3895 | D:6      | Gained mutation: You passively map the area around you. [Deep Dwarf growth]
  3895 | D:6      | Reached XP level 9. HP: 52/74 MP: 5/5
  4105 | D:6      | Reached skill level 13 in Axes
  4203 | D:7      | Found a shattered altar of Ashenzari.
  4251 | D:7      | Found an ornate altar of the Wu Jian Council.
  4453 | D:7      | Found a staircase to the Ecumenical Temple.
  4660 | D:7      | Found a bloodstained altar of Trog.
  4676 | D:7      | Reached ** piety under Makhleb
  4751 | D:7      | Found a basalt altar of Yredelemnul.
  4985 | Temple   | Entered the Ecumenical Temple
  5230 | D:8      | Found a sand-covered staircase.
  5251 | D:8      | Reached skill level 5 in Fighting
  5438 | D:8      | Found a radiant altar of Vehumet.
  5705 | D:8      | Paralysed by a wight for 4 turns
  5735 | D:8      | Noticed a two-headed ogre
  5745 | D:8      | Killed a two-headed ogre
  5745 | D:8      | Reached XP level 10. HP: 65/94 MP: 5/5
  6298 | D:9      | Reached *** piety under Makhleb
  6425 | D:9      | Reached skill level 5 in Armour
  6451 | D:9      | Killed an unseen horror
  6856 | D:9      | Found a staircase to the Lair.
  7430 | D:10     | Entered Level 10 of the Dungeon
  7494 | D:10     | Noticed a two-headed ogre
  7510 | D:10     | Killed a two-headed ogre
  7510 | D:10     | Reached XP level 11. HP: 55/104 MP: 6/6
  7520 | D:10     | Noticed a two-headed ogre
  7531 | D:10     | Killed a two-headed ogre
  7559 | D:10     | Noticed a two-headed ogre
  7566 | D:10     | Killed a two-headed ogre
  7566 | D:10     | Reached skill level 10 in Armour
  8060 | D:10     | Reached **** piety under Makhleb
  8080 | D:10     | Paralysed by a hornet for 3 turns
  8984 | D:11     | Noticed a two-headed ogre
  8992 | D:11     | Killed a two-headed ogre
  9022 | D:11     | Found a staircase to the Orcish Mines.
  9089 | D:11     | Found a roughly hewn altar of Beogh.
  9099 | D:11     | Reached ***** piety under Makhleb
  9369 | D:12     | Noticed a brown ugly thing
  9389 | D:12     | Killed a brown ugly thing
  9391 | D:12     | Noticed a two-headed ogre
  9405 | D:12     | Killed a two-headed ogre
  9477 | D:12     | Found a flagged portal.
  9496 | Bailey   | Entered a bailey
  9513 | Bailey   | Noticed an orc warlord
  9589 | Bailey   | Reached skill level 1 in Invocations
  9642 | Bailey   | Found a runed gate.
  9642 | Bailey   | Found a runed gate.
  9642 | Bailey   | Found a runed gate.
  9821 | Bailey   | Killed an orc warlord
  9821 | Bailey   | Reached XP level 12. HP: 112/112 MP: 5/8
  9936 | D:11     | Reached skill level 5 in Invocations
 10023 | D:12     | Noticed Snorg
 10043 | D:12     | Killed Snorg
 10358 | D:12     | Noticed a two-headed ogre
 10367 | D:12     | Killed a two-headed ogre
 10419 | D:12     | Found Vin Seud's Jewellery Boutique.
 10765 | Lair:1   | Entered Level 1 of the Lair of Beasts
 10823 | Lair:1   | Reached skill level 10 in Invocations
 11179 | Lair:1   | Reached ****** piety under Makhleb
 12025 | Lair:2   | Found a staircase to the Snake Pit.
 12350 | Lair:3   | Reached XP level 13. HP: 118/118 MP: 14/14
 13011 | Lair:4   | Reached skill level 14 in Axes
 13334 | Lair:4   | Found a staircase to the Shoals.
 13799 | Lair:5   | Found a staircase to the Slime Pits.
 14080 | Lair:5   | Reached skill level 15 in Axes
 14160 | Lair:5   | Got a crude ring mail
 14463 | Lair:5   | Identified the cursed +0 ring mail "Ixigihix" {Dex+9} (You found it on level 5 of the Lair of Beasts)
 14683 | D:10     | Gained mutation: You resist negative energy. (rN+) [Deep Dwarf growth]
 14683 | D:10     | Reached XP level 14. HP: 114/127 MP: 14/14
 14684 | D:10     | Reached XP level 15. HP: 120/134 MP: 15/15
 14815 | D:10     | Got a heavily runed ring mail
 14881 | Lair:1   | Identified a scroll of acquirement
 14893 | Lair:1   | Identified the +5 ring mail of Exclusion {Int+3} (You found it on level 10 of the Dungeon)
 14999 | Lair:1   | Noticed a thorn hunter
 14999 | Lair:1   | an oklob plant changed into a thorn hunter
 15007 | Lair:1   | Killed a thorn hunter
 15021 | Lair:1   | Got a warped hat
 15043 | Lair:1   | Identified the +1 hat of Chimes {Int+4 Dex-5 Slay+3 SInv} (You found it on level 1 of the Lair of Beasts)
 15214 | Lair:5   | Reached skill level 16 in Axes
 15270 | Lair:6   | Entered Level 6 of the Lair of Beasts
 15644 | Lair:6   | Reached skill level 17 in Axes
 15869 | Lair:6   | Got a translucent copper amulet
 15931 | Lair:6   | Reached XP level 16. HP: 99/141 MP: 13/13
 15984 | Lair:6   | Reached skill level 18 in Axes
 16461 | Orc:1    | Entered Level 1 of the Orcish Mines
 16461 | Orc:1    | Found a frozen archway.
 16512 | Orc:1    | Identified the amulet "Iciavatz" {+Rage rN+} (You found it on level 6 of the Lair of Beasts)
 16516 | IceCv    | Entered an ice cave
 17380 | Orc:2    | Entered Level 2 of the Orcish Mines
 17518 | Orc:2    | Found Ifobbuim's Jewellery Shop.
 17519 | Orc:2    | Found a staircase to the Elven Halls.
 17764 | Orc:2    | Found a roughly hewn altar of Beogh.
 17925 | Orc:2    | Reached skill level 19 in Axes
 17972 | Orc:2    | Found Zymaovo's Jewellery Shop.
 17972 | Orc:2    | Found Gotre's Food Shoppe.
 17994 | Orc:2    | Found Ruxoetaf's Assorted Antiques.
 17994 | Orc:2    | Found Imoam's Assorted Antiques.
 18121 | Orc:2    | Bought the brooch of Shielding {Reflect SH+8} for 1381 gold pieces
 18121 | Orc:2    | Found the brooch of Shielding {Reflect SH+8}
 18124 | Orc:2    | Bought a scroll of enchant weapon for 217 gold pieces
 18124 | Orc:2    | Bought 2 potions of curing for 174 gold pieces
 18141 | Orc:2    | Bought 2 potions of heal wounds for 300 gold pieces
 18141 | Orc:2    | Bought a runed moonstone ring for 150 gold pieces
 19434 | D:14     | Reached skill level 10 in Evocations
 19770 | D:14     | Found a gate to the Vaults.
 20452 | D:14     | Noticed a sphinx
 20464 | D:14     | Killed a sphinx
 20632 | D:15     | Entered Level 15 of the Dungeon
 20765 | D:15     | Reached XP level 17. HP: 146/148 MP: 13/15
 20953 | D:15     | Found a staircase to the Depths.
 20964 | D:15     | Reached skill level 15 in Armour
 21670 | Snake:1  | Entered Level 1 of the Snake Pit
 22530 | Snake:2  | Found Futhuroam's Magic Scroll Emporium.
 22563 | Snake:2  | Found a flickering gateway to a bazaar.
 22593 | Bazaar   | Entered a bazaar
 22595 | Bazaar   | Found Bineepa's Gadget Boutique.
 22595 | Bazaar   | Found Wuuf's Food Boutique.
 22622 | Bazaar   | Found Dizojoip's Book Boutique.
 22671 | Bazaar   | Found Pigocs's Jewellery Shop.
 22779 | Bazaar   | Bought a wand of clouds (5) for 324 gold pieces
 22801 | Snake:2  | Bought a scroll of blinking for 112 gold pieces
 22801 | Snake:2  | Bought a scroll of identify for 30 gold pieces
 22989 | Snake:2  | Found a hide-covered altar of Uskayaw.
 23004 | Snake:2  | Found Semmugg's Assorted Antiques.
 23048 | Snake:2  | Found Tusoc's Book Shop.
 23053 | Snake:2  | Bought an onyx ring for 170 gold pieces
 23053 | Snake:2  | Bought a scroll of identify for 68 gold pieces
 23154 | Snake:2  | Found Argheo's Assorted Antiques.
 23158 | Snake:2  | Bought a potion of agility for 124 gold pieces
 23641 | Snake:3  | Noticed Aizul
 23674 | Snake:3  | Killed Aizul
 24036 | Snake:3  | Gained mutation: You passively map a large area around you. [Deep Dwarf growth]
 24036 | Snake:3  | Reached XP level 18. HP: 91/156 MP: 15/15
 24213 | Snake:4  | Entered Level 4 of the Snake Pit
 24227 | Snake:4  | Noticed Hubbles's ghost (adept FoCj)
 24240 | Snake:4  | Reached skill level 10 in Dodging
 24294 | Snake:4  | Killed Hubbles's ghost
 25485 | Snake:4  | Got a serpentine rune of Zot
 25736 | Shoals:1 | Entered Level 1 of the Shoals
 25790 | Shoals:1 | Reached skill level 15 in Dodging
 26571 | Shoals:2 | Reached XP level 19. HP: 163/163 MP: 13/13
 27138 | Shoals:2 | Found Zyuhef's General Store.
 27146 | Shoals:2 | Bought a scroll of magic mapping for 52 gold pieces
 27146 | Shoals:2 | Bought a potion of heal wounds for 75 gold pieces
 27146 | Shoals:2 | Bought a potion of curing for 45 gold pieces
 27385 | Shoals:3 | Reached skill level 10 in Fighting
 28257 | Shoals:4 | Entered Level 4 of the Shoals
 28815 | Shoals:4 | Noticed Ilsuiw
 28885 | Shoals:4 | Killed Ilsuiw
 29286 | Shoals:4 | Got a barnacled rune of Zot
 29764 | Elf:1    | Entered Level 1 of the Elven Halls
 29880 | Elf:1    | Found a flickering gateway to a bazaar.
 29938 | Bazaar   | Entered a bazaar
 29952 | Bazaar   | Found Kaneju's Weapon Emporium.
 29982 | Bazaar   | Found Rede's Distillery.
 29982 | Bazaar   | Found Zudwilug's Weapon Shoppe.
 29986 | Bazaar   | Bought 2 potions of mutation for 176 gold pieces
 30003 | Bazaar   | Found Vakkis's Weapon Emporium.
 30003 | Bazaar   | Found Aqaf's Magic Scroll Shoppe.
 30056 | Bazaar   | Bought a potion of heal wounds for 55 gold pieces
 30085 | Bazaar   | Bought a scroll of teleportation for 42 gold pieces
 30085 | Bazaar   | Bought a scroll of teleportation for 42 gold pieces
 30085 | Bazaar   | Bought a scroll of teleportation for 42 gold pieces
 30085 | Bazaar   | Bought a scroll of fog for 28 gold pieces
 30469 | Elf:1    | Found the +4 robe of Augmentation {Str+4 Int+4 Dex+4}
 30481 | Elf:1    | Identified Weqomu's Incunabulum of Arcane Weapons
 30781 | Elf:2    | Reached XP level 20. HP: 184/189 MP: 9/9
 30951 | Elf:2    | Found Efopott's Book Shop.
 31003 | Elf:2    | Noticed Louise
 31234 | Elf:2    | Found a runed gate.
 31234 | Elf:2    | Found a runed gate.
 31235 | Elf:2    | Found a runed gate.
 31359 | Elf:2    | Reached skill level 15 in Fighting
 31507 | Elf:2    | Noticed Asterion
 31520 | Elf:2    | Killed Asterion
 31829 | Elf:3    | Entered Level 3 of the Elven Halls
 32470 | Elf:3    | Reached skill level 20 in Axes
 32685 | Elf:3    | HP: 9/194 [deep elf high priest/glaive of protection (15)]
 32722 | Elf:3    | Killed from afar by a deep elf annihilator

Skill      XL: |  1  2  3  4  5  6  7  8  9 10 11 12 13 14 15 16 17 18 19 20 |
---------------+-------------------------------------------------------------+-----
Axes           | 3 4 7 8 10 12 13 15 17 19 20 | 20.7
Fighting       | 7 8 13 15 | 15.3
Armour         | 9 13 14 18 | 18.2
Invocations    | 4 13 | 13.1
Dodging        | 7 9 15 16 | 16.0
Evocations     | 8 13 | 13.4
Shields        | |  3.2

Action                   |  1- 3 |  4- 6 |  7- 9 | 10-12 | 13-15 | 16-18 | 19-21 || total
-------------------------+-------+-------+-------+-------+-------+-------+-------++-------
Melee: War axe           |   124 |   217 |   373 |    49 |       |       |       ||   763
       Hand axe          |       |       |     5 |   558 |       |       |       ||   563
       Battleaxe         |       |       |       |   284 |   330 |  1853 |  1354 ||  3821
Throw: Throwing net      |       |       |     4 |       |     1 |       |     1 ||     6
       Javelin           |       |       |     4 |    24 |       |       |     1 ||    29
       Tomahawk          |       |       |       |    10 |    16 |    17 |    25 ||    68
Invok: Minor Destruction |       |       |       |       |    18 |     3 |       ||    21
       Greater Servant o |       |       |       |       |     1 |       |     2 ||     3
 Abil: Heal Wounds       |     1 |     7 |    12 |    13 |    14 |    27 |    26 ||   100
Evoke: Wand              |       |     2 |    15 |    11 |    72 |     5 |       ||   105
       Lamp of fire      |       |       |       |     1 |     1 |     1 |     2 ||     5
  Use: Scroll            |       |     4 |     6 |    11 |     8 |     6 |     6 ||    41
       Potion            |       |     2 |       |       |     3 |       |     7 ||    12
 Stab: Held in net/web   |       |       |     1 |       |       |       |       ||     1
       Paralysed         |       |       |     5 |     9 |       |       |       ||    14
       Distracted        |       |       |       |       |       |       |     3 ||     3
  Eat: Chunk             |       |     6 |    17 |    19 |    12 |    30 |    22 ||   106
       Ration            |       |       |       |     2 |       |     3 |       ||     5
Armor: Scale mail        |    59 |    87 |   104 |   339 |   105 |       |       ||   694
       Skin              |       |     1 |       |       |       |       |       ||     1
       Ring mail         |       |       |       |       |   126 |   797 |   641 ||  1564
Dodge: Dodged            |    52 |    50 |    66 |   259 |   226 |   947 |   997 ||  2597
Block: Shield            |    64 |   104 |   168 |   310 |       |       |       ||   646
       Reflection        |       |       |     8 |    44 |       |    71 |    43 ||   166
       Other             |       |       |       |    33 |    40 |   636 |   525 ||  1234
